 Dungeon Crawl Stone Soup version 0.19.5 (webtiles) character file.

3474 galech the Cleaver (level 9, -6/82 HPs)
             Began as a Deep Dwarf Fighter on Mar 15, 2017.
             Was a Follower of Makhleb.
             Killed from afar by a gargoyle (9 damage)
             ... with a stone arrow
             ... on level 8 of the Dungeon.
             The game lasted 00:13:00 (5922 turns).

galech the Cleaver (Deep Dwarf Fighter)             Turns: 5922, Time: 00:13:01

Health: -6/82      AC:  8    Str: 22    XL:     9   Next: 79%
Magic:  3/3        EV: 11    Int: 10    God:    Makhleb [*.....]
Gold:   328        SH: 11    Dex: 12    Spells: 0 memorised, 8 levels left

rFire  . . .     SeeInvis .     a - +0 war axe
rCold  . . .     Gourm    .     b - +0 scale mail
rNeg   . . .     Faith    .     c - +0 shield
rPois  .         Spirit   .     (no helmet)
rElec  .         Reflect  .     (no cloak)
rCorr  .         Harm     .     (no gloves)
MR     +....                    (no boots)
Stlth  +.........               C - amulet of magic regeneration
                                q - +1 ring of protection
                                K - ring of stealth

@: non-regenerating
A: damage resistance, recharge devices, sense surroundings 2, slow regeneration
3, MP-powered wands
a: Device Recharging, Renounce Religion


You were on level 8 of the Dungeon.
You worshipped Makhleb.
Makhleb was aware of your devotion.
You were not hungry.

You visited 2 branches of the dungeon, and saw 9 of its levels.

You collected 328 gold pieces.

Inventory:

Hand Weapons
 a - a +0 war axe (weapon)
Armour
 b - a +0 scale mail (worn)
 c - a +0 shield (worn)
Jewellery
 m - an uncursed ring of protection from fire
 q - a +1 ring of protection (right hand)
 x - an uncursed ring of flight
 C - an amulet of magic regeneration (around neck)
 G - an uncursed ring of ice
 K - a ring of stealth (left hand)
Wands
 e - a wand of heal wounds (1/9)
 z - a wand of random effects (19/48)
 E - a wand of iceblast (2/15)
 N - a wand of random effects (38/48)
 P - a wand of flame (24/48)
Scrolls
 h - 7 scrolls of identify {unknown}
 k - 2 scrolls of fear {unknown}
 n - 5 scrolls of remove curse {unknown}
 w - a scroll of immolation {unknown}
 y - a scroll of enchant weapon {unknown}
 A - 2 scrolls of noise {unknown}
 D - 2 scrolls of teleportation {unknown}
 F - a scroll of fog {unknown}
 H - 2 scrolls of magic mapping {unknown}
 I - a scroll of blinking {unknown}
 M - a scroll of amnesia {unknown}
 Q - a scroll of enchant armour {unknown}
Potions
 d - a potion of might
 g - a potion of curing {unknown}
 i - 4 potions of mutation {unknown}
 j - 4 potions of agility {unknown}
 p - a potion of haste {unknown}
 s - 3 potions of brilliance {unknown}
 t - 2 potions of berserk rage {unknown}
 v - a potion of cure mutation {unknown}
 B - 2 potions of invisibility {unknown}
 L - a potion of flight {unknown}
Comestibles
 f - 5 bread rations
 l - 2 beef jerkies
 o - 3 meat rations
 r - 6 fruits
 u - 2 royal jellies
 J - a slice of pizza
 O - 2 chunks of flesh


   Skills:
 + Level 5.7 Fighting
 + Level 9.4 Axes
 + Level 7.3 Armour
 + Level 4.9 Dodging
 + Level 1.5 Stealth
 + Level 6.9 Shields
 + Level 3.1 Evocations


You had 8 spell levels left.
You didn't know any spells.

Dungeon Overview and Level Annotations

Branches:
Dungeon (8/15)             Temple (1/1) D:7
   Lair: D:8-11

Altars:
Cheibriados
Dithmenos
Elyvilon
Fedhas
Gozag
Hepliaklqana
Makhleb
Okawaru
Ru
Sif Muna
Trog
Yredelemnul
Zin
The Shining One

Annotations:
D:7 Prince Ribbit


Innate Abilities, Weirdness & Mutations

You are resistant to damage.
You can recharge devices by infusing magical energy.
You passively map the area around you.
You do not regenerate.
You expend magic power (3 MP) to strengthen your wands.


Message History

The gargoyle hurls a stone arrow at you.
You block the stone arrow.
You hit the gargoyle.
The gargoyle is moderately damaged.
You block the gargoyle's attack.
You hit the gargoyle but do no damage.
The gargoyle is moderately damaged.
The gargoyle closely misses you.
You barely miss the gargoyle.
The gargoyle is moderately damaged.
The gargoyle hits you with a dire flail!
* * * LOW HITPOINT WARNING * * *
You slash the gargoyle!
The gargoyle is severely damaged.
The gargoyle completely misses you.
You hit the gargoyle.
The gargoyle is severely damaged.
The gargoyle hurls a stone arrow at you.
The stone arrow hits you!
You die...

*.......................#,* *
* ..........###....#.###.# *
..........# #........#(#,
*######.#####...##.#.#.# *,
.####...##....##..<...#...#
..............##..#########
*, .####...#.....##..........
,
................>##########**
* .####...#<......@9...(.....
.....<..#.....####.########
#######.#...(.# #.#
#.######≈.##.# #.# * #≈.#.#
#.# , ..#.. ,, ..#, ..#.* , ,
*, ,. . *** ,*


You could see a gargoyle.

Vanquished Creatures
  Grinder (D:5)
  The ghost of Paps the Shield-Bearer, an amateur DsFi (D:4)
  Duvessa (D:5)
  An ice beast (D:6)
  An orc warrior (D:7)
  A sky beast (D:7)
  A hornet zombie (D:6)
  2 black bears
  A phantom (D:4)
  3 ogres
  3 centaurs
  Blork the orc (D:4)
  3 bullfrogs
  A gnoll sergeant (D:7)
  Dowan (D:5)
  2 scorpions
  7 howler monkeys
  5 wights (D:7)
  2 jellies (D:6)
  4 crimson imps
  2 hounds
  3 orc priests
  2 orc wizards
  A centaur skeleton (D:5)
  An iguana (D:7)
  4 worker ants
  2 killer bee zombies
  A worker ant zombie (D:6)
  10 adders
  11 gnolls
  A river rat (D:6)
  2 shadow imps
  2 oozes
  An adder zombie (D:7)
  3 adder skeletons
  A worm (D:4)
  3 dart slugs
  4 leopard geckos
  15 orcs
  4 ball pythons
  9 giant cockroaches
  8 goblins
  6 hobgoblins
  6 jackals
  3 quokkas
  6 bats
  2 frilled lizards
  A jackal zombie (D:7)
  7 kobolds
  2 leopard gecko zombies (D:7)
  5 rats
170 creatures vanquished.

Notes
Turn   | Place    | Note
-------+----------+-------------------------------------------
     0 | D:1      | galech the Deep Dwarf Fighter began the quest for the Orb.
     0 | D:1      | Reached XP level 1. HP: 20/20 MP: 1/1
    88 | D:1      | Reached XP level 2. HP: 25/27 MP: 2/2
   590 | D:2      | Found a blossoming altar of Fedhas.
   596 | D:2      | Reached XP level 3. HP: 27/34 MP: 3/3
   672 | D:2      | Reached skill level 3 in Axes
  1377 | D:3      | Reached XP level 4. HP: 42/42 MP: 4/4
  1435 | D:3      | Reached skill level 4 in Axes
  1553 | D:3      | Reached skill level 1 in Dodging
  1565 | D:3      | Reached XP level 5. HP: 26/49 MP: 4/4
  1957 | D:4      | Noticed Paps's ghost (amateur DsFi)
  1993 | D:4      | Killed Paps's ghost
  1993 | D:4      | Reached skill level 5 in Axes
  1993 | D:4      | Reached XP level 6. HP: 56/56 MP: 5/5
  2043 | D:4      | You fall through a shaft for 2 floors!
  2125 | D:6      | Reached skill level 1 in Evocations
  2125 | D:6      | Reached XP level 7. HP: 33/63 MP: 5/5
  2216 | D:6      | Found a glowing golden altar of the Shining One.
  2234 | D:6      | Reached skill level 5 in Armour
  2405 | D:6      | Reached skill level 6 in Axes
  2879 | D:5      | Entered Level 5 of the Dungeon
  2889 | D:5      | Reached skill level 5 in Shields
  2889 | D:5      | Reached XP level 8. HP: 38/72 MP: 5/5
  2935 | D:4      | Noticed Blork the orc
  2947 | D:4      | Killed Blork the orc
  3086 | D:4      | Reached skill level 7 in Axes
  3400 | D:4      | Found a faded altar of an unknown god.
  3400 | D:4      | Found a sacrificial altar of Ru.
  3405 | D:4      | Found a faded altar of an unknown god.
  3407 | D:4      | Found a faded altar of an unknown god.
  3409 | D:4      | Found a faded altar of an unknown god.
  3552 | D:5      | Noticed Dowan
  3555 | D:5      | Noticed Duvessa
  3566 | D:5      | Killed Duvessa
  3584 | D:5      | Killed Dowan
  3712 | D:5      | Reached skill level 1 in Stealth
  4167 | D:5      | Noticed Grinder
  4188 | D:5      | Killed Grinder
  4188 | D:5      | Reached skill level 5 in Fighting
  4188 | D:5      | Reached skill level 8 in Axes
  4188 | D:5      | Gained mutation: You passively map the area around you. [Deep Dwarf growth]
  4188 | D:5      | Reached XP level 9. HP: 47/81 MP: 6/6
  4247 | D:5      | Found a snail-covered altar of Cheibriados.
  4722 | D:7      | Noticed Prince Ribbit
  4815 | D:7      | Found a staircase to the Ecumenical Temple.
  4826 | Temple   | Entered the Ecumenical Temple
  4905 | Temple   | Became a worshipper of Makhleb the Destroyer
  5150 | D:7      | Reached skill level 9 in Axes
  5580 | D:7      | Reached * piety under Makhleb
  5584 | D:7      | Gained mutation: You expend magic power (3 MP) to strengthen your wands. [mutagenic meat]
  5735 | D:7      | Found a bloodstained altar of Trog.
  5886 | D:8      | Noticed a gargoyle
  5920 | D:8      | HP: 3/82 [gargoyle/dire flail (11)]
  5922 | D:8      | Killed from afar by a gargoyle

Skill      XL: |  1  2  3  4  5  6  7  8  9 |
---------------+----------------------------+-----
Fighting       | 3 4 5 |  5.7
Axes           | 3 4 5 6 8 9 |  9.4
Dodging        | 1 2 4 |  4.9
Armour         | 4 5 6 7 |  7.3
Shields        | 4 5 6 |  6.9
Evocations     | 1 2 3 |  3.1
Stealth        | 1 |  1.5

Action                   |  1- 3 |  4- 6 |  7- 9 || total
-------------------------+-------+-------+-------++-------
Melee: War axe           |   128 |   144 |   612 ||   884
 Abil: Device Recharging |       |     2 |     6 ||     8
Evoke: Wand              |     1 |     9 |    27 ||    37
 Stab: Sleeping          |       |       |     1 ||     1
  Eat: Chunk             |     2 |     2 |    15 ||    19
Armor: Scale mail        |    64 |    44 |   193 ||   301
Dodge: Dodged            |    40 |    58 |   212 ||   310
Block: Shield            |    66 |    90 |   305 ||   461
